 Dungeon Crawl Stone Soup version 0.26-a0-83-g7ccd015ce0 (webtiles) character file.

Game seed: 5956369440595054980

1963 Gargoyl the Chopper (level 9, -4/72 HPs)
             Began as a Centaur Abyssal Knight on June 16, 2020.
             Was a Priest of Lugonu.
             Slain by a crocodile (10 damage)
             ... on level 8 of the Dungeon.
             The game lasted 00:12:09 (7726 turns).

Gargoyl the Chopper (Centaur Abyssal Knight)        Turns: 7726, Time: 00:12:10

Health: -4/72      AC: 16    Str: 17    XL:     9   Next: 0%
Magic:  12/12      EV:  1    Int: 11    God:    Lugonu [***...]
Gold:   429        SH: 10    Dex: 10    Spells: 8/8 levels left

rFire    . . .     SeeInvis .   a - +3 hand axe
rCold    . . .     Gourm    .   k - +2 kite shield
rNeg     . . .     Faith    .   l - +0 chain mail
rPois    .         Spirit   .   r - +0 helmet
rElec    .         Reflect  .   y - +0 cloak
rCorr    .         Harm     .   (no gloves)
MR       .....                  b - +0 centaur barding
Stlth    ..........             d - amulet of the acrobat
HPRegen  0.22/turn              (no ring)
MPRegen  0.13/turn              (no ring)

@: very slightly contaminated, very quick
A: large, hooves 3, deformed body, speed 2, tough skin 3
a: Depart the Abyss, Bend Space, Banish, Renounce Religion


You were on level 8 of the Dungeon.
You worshipped Lugonu.
Lugonu was most pleased with you.
You were hungry.

You visited 1 branch of the dungeon, and saw 8 of its levels.
You visited the Abyss 1 time.

You collected 483 gold pieces.
You spent 54 gold pieces at shops.

Inventory:

Hand Weapons
 a - a +3 hand axe (weapon)
Missiles
 n - 2 javelins (quivered)
 q - 4 boomerangs
Armour
 b - a +0 centaur barding (worn)
 k - a +2 kite shield (worn)
 l - a +0 chain mail (worn)
 r - a +0 helmet (worn)
 y - a +0 cloak (worn)
Jewellery
 d - an amulet of the acrobat (around neck)
Wands
 e - a wand of digging (8)
 h - a wand of paralysis (7)
Scrolls
 g - 2 scrolls of identify
 j - 5 scrolls of teleportation
 o - 3 scrolls of remove curse
 v - a scroll of magic mapping
 w - a scroll of fog
Potions
 f - 2 potions of flight
 i - 4 potions of curing
 m - a potion of berserk rage {unknown}
 p - a potion of invisibility
 t - a potion of ambrosia {unknown}
 u - a potion of heal wounds {unknown}
Comestibles
 c - 6 rations


   Skills:
 + Level 4.7 Fighting
 + Level 5.7 Axes
 + Level 0.6 Throwing
 * Level 4.8 Armour
 * Level 3.2 Dodging
 + Level 2.1 Shields
 * Level 5.0 Invocations


You had 8 spell levels left.
You didn't know any spells.
Your spell library contained the following spells:

 Spells                   Type           Power        Failure   Level  Hunger
 Animate Skeleton         Necr           N/A          100%        1    ##.....
 Apportation              Tloc           #.....       100%        1    ##.....
 Corona                   Hex            #......      100%        1    ##.....
 Summon Small Mammal      Summ           #...         100%        1    ##.....


Dungeon Overview and Level Annotations

Branches:
Dungeon (8/15)             Temple (0/1) D:5
   Lair: D:8-11

Altars:
Cheibriados
Elyvilon
Fedhas
Gozag
Kikubaaqudgha
Nemelex Xobeh
Ru
Trog
Uskayaw
Vehumet
Xom
Yredelemnul
The Shining One

Shops:
D:4 [   D:6 :

Annotations:
D:8 Maggie


Innate Abilities, Weirdness & Mutations

You have hooves in place of feet.
Armour fits poorly on your strangely shaped body.
You cover ground very quickly.
You have extremely tough skin. (AC +3)


Message History

The crocodile bites you.
You slash the crocodile!
The crocodile is heavily wounded.
Maggie is no longer paralysed.
You block the crocodile's attack.
Maggie hits you from afar with a +2 vorpal glaive.
* * * LOW HITPOINT WARNING * * *
x2 You closely miss the crocodile.
The crocodile is heavily wounded.
You feel less wooden.
Your +0 cloak unmelds from your body.
Your +0 helmet unmelds from your body.
Your +0 centaur barding unmelds from your body.
Your +0 chain mail unmelds from your body.
The crocodile bites you!
* * * LOW HITPOINT WARNING * * *
The crocodile bites you but does no damage.
You block Maggie's attack.
Maggie smiles, but it's obviously fake.
There is a stone staircase leading up here.
The crocodile bites you!
You die...

#.........
#.........
#.........
.........
#.######)†......
#...............
..#....@..#.###
#.##t#.##
#...@#...
#.!..#####
#.#/.# #....#
#..#.# #..#.#
#..#.# ####.#


You could see Maggie and a crocodile.

Vanquished Creatures
  A hippogriff (D:3)
  Sigmund (D:6)
  2 sky beasts
  2 ogres
  A bullfrog (D:6)
  3 scorpions
  4 howler monkeys (D:8)
  2 crimson imps (D:5)
  4 jellies
  An orc priest (D:6)
  3 hounds (D:5)
  A bullfrog skeleton (D:4)
  An iguana (D:4)
  5 orc wizards
  2 worker ants
  2 hound skeletons
  A worker ant zombie (D:5)
  A howler monkey skeleton (D:7)
  10 adders
  A shadow imp (D:7)
  2 oozes (D:1)
  4 worms
  2 dart slugs
  6 leopard geckos
  11 orcs
  4 giant cockroaches
  5 goblins
  14 hobgoblins
  18 jackals
  4 quokkas
  3 ball pythons
  3 bats
  A frilled lizard (D:2)
  A jackal skeleton (D:7)
  12 kobolds
  A leopard gecko skeleton (D:6)
  A leopard gecko zombie (D:5)
  3 rats
  A spectral orc (D:6)
144 creatures vanquished.

Vanquished Creatures (others)
  An orc warrior (D:6)
  A centaur (D:8)
  A howler monkey (D:8)
  A jackal (D:8)
  A quokka (D:2)
5 creatures vanquished.

Grand Total: 149 creatures vanquished

Notes
Turn   | Place    | Note
-------+----------+-------------------------------------------
     0 | Abyss:1  | Gargoyl the Centaur Abyssal Knight began the quest for the
                  | Orb.
     0 | Abyss:1  | Reached XP level 1. HP: 19/19 MP: 2/2
   144 | Abyss:2  | Noticed a hell hound
   145 | D:1      | Escaped the Abyss
   316 | D:1      | Reached XP level 2. HP: 26/26 MP: 3/3
   357 | D:1      | Reached * piety under Lugonu
   550 | D:1      | Reached skill level 1 in Dodging
   554 | D:1      | Reached XP level 3. HP: 31/31 MP: 4/4
   946 | D:2      | Noticed a scorpion
   957 | D:2      | Killed a scorpion
   957 | D:2      | Reached XP level 4. HP: 27/38 MP: 5/5
  1168 | D:2      | Found a snail-covered altar of Cheibriados.
  1224 | D:2      | Found a white marble altar of Elyvilon.
  1386 | D:2      | Reached ** piety under Lugonu
  1432 | D:2      | Found a sacrificial altar of Ru.
  1789 | D:2      | Reached XP level 5. HP: 45/45 MP: 6/6
  2077 | D:3      | Found a faded altar of an unknown god.
  2112 | D:3      | Noticed a hippogriff
  2685 | D:4      | Found Kiogh's Armour Shop.
  2767 | D:4      | Bought a +0 helmet for 54 gold pieces
  2807 | D:4      | Found a shimmering altar of Xom.
  2807 | D:4      | Found a shimmering altar of Xom.
  2808 | D:4      | Found a shimmering altar of Xom.
  2853 | D:4      | Found a shimmering altar of Xom.
  3470 | D:3      | Reached XP level 6. HP: 50/52 MP: 8/8
  3630 | D:3      | Killed a hippogriff
  4039 | D:3      | Found a glowing golden altar of the Shining One.
  4395 | D:3      | Found a bloodstained altar of Trog.
  4459 | D:5      | Entered Level 5 of the Dungeon
  4462 | D:5      | Reached skill level 1 in Shields
  4462 | D:5      | Reached XP level 7. HP: 58/58 MP: 9/9
  4485 | D:5      | Reached *** piety under Lugonu
  4761 | D:5      | Found a glowing golden altar of the Shining One.
  4761 | D:5      | Found a sparkling altar of Nemelex Xobeh.
  5140 | D:5      | Found a blossoming altar of Fedhas.
  5244 | D:5      | Found a hide-covered altar of Uskayaw.
  5409 | D:5      | Found a staircase to the Ecumenical Temple.
  5680 | D:6      | Reached XP level 8. HP: 59/66 MP: 11/11
  6253 | D:6      | Found Joysuffel's Book Boutique.
  6262 | D:6      | Noticed Sigmund
  6279 | D:6      | Killed Sigmund
  6279 | D:6      | Reached skill level 5 in Axes
  6402 | D:6      | Found a radiant altar of Vehumet.
  6499 | D:6      | Found an opulent altar of Gozag.
  6740 | D:6      | Found an ancient bone altar of Kikubaaqudgha.
  6811 | D:6      | Found a basalt altar of Yredelemnul.
  7668 | D:8      | Noticed Maggie
  7678 | D:8      | Reached skill level 5 in Invocations
  7709 | D:8      | Reached XP level 9. HP: 33/72 MP: 12/12
  7726 | D:8      | Slain by a crocodile

Illustrated notes

Levels and vault maps discovered:
D:1:      lightli_arrival_flooded_house, layout_loops_ring, minmay_octomino_j4
D:2:      layout_loops_ring, hangedman_ru_absence, cheibriados_altar_1,
          elyvilon_altar_4
D:3:      layout_basic, lightli_temple_of_fire, chequers_ecumenical_altar_grove,
          first_ration, grunt_ministairs_10, nicolae_tso_carved_into_rock
D:4:      layout_loops_ring, xom_redecorated, minmay_shop_grid_forest
D:5:      layout_rooms, lemuel_coloured_pillars_altar, lemuel_crystal_altar,
          grunt_temple_overflow_open, minmay_temple_entry_hall
D:6:      layout_cave_pools, overflow_temple_1_default, kennysheep_little_box,
          yredelemnul_forgotten_temple_becter, serial_shops, shop, basic_altar,
          uniq_sigmund
D:7:      layout_rooms
D:8:      layout_basic, dpeg_lair_monsters, the_bakery, uniq_maggie

Skill      XL: |  1  2  3  4  5  6  7  8 |
---------------+-------------------------+-----
Axes           | 2 3 4 5 |  5.7
Dodging        | 1 2 3 |  3.2
Armour         | 2 3 4 |  4.8
Invocations    | 3 4 5 |  5.0
Shields        | 1 2 |  2.1
Fighting       | 4 |  4.7
Throwing       | |  0.6

Action                   |  1- 3 |  4- 6 |  7- 9 || total
-------------------------+-------+-------+-------++-------
Melee: Hand axe          |    58 |   182 |   313 ||   553
       Kick              |    11 |    29 |    52 ||    92
Throw: Javelin           |       |     6 |     2 ||     8
       Boomerang         |       |       |     1 ||     1
Invok: Depart the Abyss  |     1 |       |       ||     1
       Bend Space        |       |       |     1 ||     1
       Banish            |       |       |     1 ||     1
Evoke: Wand              |       |       |     2 ||     2
  Use: Scroll            |     6 |     4 |     7 ||    17
       Potion            |       |     1 |     6 ||     7
 Stab: Paralysed         |       |       |    10 ||    10
       Invisible         |       |       |     2 ||     2
  Eat: Chunk             |       |     9 |     6 ||    15
       Ration            |       |       |     1 ||     1
Armor: Scale mail        |    36 |     5 |       ||    41
       Chain mail        |       |   139 |   185 ||   324
       Skin              |       |       |    23 ||    23
Dodge: Dodged            |    17 |    38 |    30 ||    85
Block: Kite shield       |     6 |    60 |   116 ||   182

Table legend:
 A = Non-vault XP
 B = Vault XP
 C = Vault XP percentage of total XP
 D = Non-vault monster count
 E = Vault monster count
 F = Vault count percentage of total count
                 A         B        C        D         E       F
            +---------+---------+-------+---------+---------+-------
      Total |    2311 |     494 |  17.6 |     139 |       8 |   5.4
            +---------+---------+-------+---------+---------+-------
        D:1 |      49 |       6 |  10.9 |      20 |       4 |  16.7
        D:2 |     157 |       0 |   0.0 |      34 |       0 |   0.0
        D:3 |      74 |     264 |  78.1 |      11 |       2 |  15.4
        D:4 |     153 |       0 |   0.0 |      10 |       0 |   0.0
        D:5 |     742 |       0 |   0.0 |      20 |       0 |   0.0
        D:6 |     503 |     224 |  30.8 |      25 |       2 |   7.4
        D:7 |     353 |       0 |   0.0 |      13 |       0 |   0.0
        D:8 |     280 |       0 |   0.0 |       6 |       0 |   0.0
            +---------+---------+-------+---------+---------+-------
